Map: King's Cove LE

Players

StillOnFire - Winner!

  • Race: Protoss Protoss
  • League: Platinum
  • Spawn Location: 11:00

wobbuikill

  • Race: Zerg Zerg
  • League: Platinum
  • Spawn Location: 5:00

VOD

Have the link to the VOD?

Description

Time

  • Played on: May 8, 2019, 1:09 a.m.
  • Length: 21:24
Show
View Real Time Build Order
Export as new Build Order

StillOnFire Protoss - Winner!

Build Orders: Nexus First 

Get SALT Encoding   

  12  0:14  Probe  
  12  0:19  Pylon  
  13  0:23  Probe  
  14  0:32  Probe  
  15  0:44  Probe  
  16  0:57  Probe  
  17  1:04  Nexus  
  17  1:09  Probe  
  17  1:17  Probe  
  18  1:20  Assimilator  
  19  1:29  Forge  
  19  1:40  Gateway  
  19  1:43  Probe  
  20  1:55  Probe  
  21  2:03  Photon Cannon  
  21  2:06  Probe  
  22  2:09  Photon Cannon  
  22  2:14  Probe  
  22  2:20  Assimilator, Probe  
  22  2:22  Probe  
  23  2:28  Probe  
  25  2:31  Zealot  
  28  2:43  Probe  
  29  2:50  Assimilator  
  29  2:53  Assimilator  
  29  2:57  Pylon  
  29  2:59  Zealot  
  29  3:04  Pylon  
  31  3:11  Cybernetics Core  
  31  3:14  Probe x2  
  33  3:22  Probe  
  33  3:26  Probe  
  35  3:34  Zealot  
  35  3:38  Probe  
  38  3:47  Robotics Facility  
  38  3:52  Probe  
  38  3:54  Twilight Council  
  38  4:00  Probe  
  38  4:01  Zealot  
  41  4:09  Probe  
  43  4:10  Probe  
  43  4:12  Warp Gate  
  44  4:18  Probe  
  44  4:20  Probe  
  46  4:26  Probe  
  46  4:28  Probe  
  49  4:33  Pylon  
  49  4:35  Probe  
  49  4:36  Protoss Ground Armor Level 1, Probe  
  50  4:38  Pylon  
  50  4:45  Stalker  
  52  4:55  Dark Shrine, Warp Prism  
  54  5:15  Blink  
  54  5:16  Probe  
  55  5:28  Probe  
  55  5:31  Immortal  
  60  5:41  Probe  
  61  5:53  Probe  
  60  6:11  Observer  
  57  6:15  Dark Templar  
  59  6:22  Gateway  
  59  6:29  Gateway  
  59  6:34  Gateway  
  59  6:35  Gateway  
  59  6:36  Gateway  
  59  6:59  Shadow Stride  
  59  7:08  Protoss Ground Weapons Level 1  
  59  7:30  Dark Templar x2  
  59  7:31  Dark Templar  
  61  8:17  Zealot x3  
  61  8:18  Zealot  
  69  8:29  Pylon  
  69  8:31  Pylon  
  69  8:32  Pylon  
  65  8:34  Pylon  
  65  8:35  Pylon  
  63  9:08  Stalker  
  63  9:09  Stalker x4  
  73  9:10  Stalker  
  75  9:31  Charge  
  75  9:35  Warp Prism  
  77  9:40  Stalker  
  77  9:41  Stalker x4  
  77  9:42  Stalker  
  89  9:55  Stargate  
  89  9:56  Stargate  
  89  9:58  Stargate  
  89  10:06  Gateway  
  88  10:08  Gateway  
  88  10:20  Gateway  
  88  10:23  Gateway  
  88  10:34  Gateway  
  88  10:39  Zealot  
  88  10:40  Zealot x4  
  88  10:41  Zealot  
  100  10:45  Immortal  
  104  11:06  Dark Templar x3  
  110  11:21  Pylon  
  110  11:22  Pylon  
  110  11:24  Pylon  
  108  11:26  Pylon  
  108  11:27  Pylon  
  104  11:45  Dark Templar  
  104  11:46  Dark Templar x4  
  104  11:47  Dark Templar x2  
  116  11:48  Dark Templar x2  
  116  11:52  Dark Templar  
  78  12:43  Oracle x3  
  87  12:47  Pylon  
  87  12:49  Pylon  
  87  12:51  Pylon  
  87  12:52  Pylon  
  87  12:53  Pylon  
  87  12:54  Nexus  
  87  12:56  Pylon  
  71  13:20  Oracle x3  
  71  13:25  Dark Templar x3  
  71  13:26  Dark Templar x6  
  94  13:27  Dark Templar  
  94  14:09  Pylon  
  94  14:10  Pylon  
  94  14:12  Pylon  
  94  14:13  Pylon  
  94  14:15  Pylon  
  94  14:18  Zealot x2  
  94  14:19  Zealot x6  
  94  14:20  Zealot x2  
  118  14:24  Immortal  
  118  14:38  Protoss Ground Weapons Level 2  
  114  15:25  Dark Templar x3  
  114  15:26  Dark Templar x4  
  114  15:27  Dark Templar x2  
  101  16:01  Void Ray  
  101  16:03  Probe  
  103  16:11  Probe  
  104  16:21  Probe  
  95  16:35  Stalker  
  95  16:36  Stalker  
  96  17:02  Probe  
  96  17:06  Probe  
  96  17:07  Photon Cannon  
  97  17:10  Probe  
  97  17:11  Probe  
  97  17:14  Probe  
  100  17:19  Probe  
  100  17:20  Probe  
  91  18:13  Assimilator  
  91  18:15  Assimilator  
  91  18:20  Probe  
  91  18:23  Probe  
  93  18:28  Probe  
  93  18:31  Probe  
  93  18:34  Stalker x3  
  96  18:35  Stalker  
  103  18:44  Photon Cannon  
  103  18:46  Photon Cannon  
  103  18:47  Probe  
  103  18:49  Probe  
  103  18:50  Photon Cannon  
  103  18:55  Probe  
  105  18:57  Probe  
  107  19:05  Probe  
  108  19:15  Stalker x2  
  108  19:16  Stalker  
  114  19:22  Stalker  
  116  19:43  Probe  
  116  19:45  Nexus  
  116  19:48  Probe  
  118  19:54  Probe  
  118  19:56  Probe  
  119  20:02  Probe  
  120  20:10  Probe  
Show
View Real Time Build Order
Export as new Build Order

wobbuikill Zerg 

Build Orders: Hatch First 

Get SALT Encoding   

  12  0:01  Drone  
  13  0:13  Overlord  
  13  0:19  Drone  
  14  0:47  Drone  
  14  0:48  Hatchery  
  14  0:57  Drone x2  
  16  1:13  Spawning Pool  
  16  1:15  Drone  
  16  1:23  Drone x2  
  19  1:28  Extractor  
  19  1:31  Overlord  
  18  1:41  Drone  
  19  1:49  Hatchery  
  18  2:05  Zergling x4  
  20  2:11  Queen  
  22  2:17  Overlord  
  22  2:27  Drone  
  23  2:35  Metabolic Boost  
  23  2:39  Drone  
  24  2:46  Zergling x2  
  24  2:49  Queen  
  27  3:00  Drone  
  27  3:03  Queen  
  27  3:04  Drone  
  31  3:08  Drone  
  32  3:17  Roach Warren  
  31  3:23  Drone x2  
  33  3:28  Zergling x4  
  33  3:32  Queen  
  37  3:38  Evolution Chamber  
  36  3:43  Zergling x2  
  37  3:59  Drone x2  
  39  4:07  Queen  
  41  4:10  Zerg Missile Weapons Level 1  
  41  4:11  Roach  
  41  4:12  Overlord  
  41  4:13  Overlord  
  43  4:23  Drone  
  44  4:29  Overlord  
  44  4:34  Roach  
  46  4:39  Drone x2  
  46  4:42  Queen  
  50  5:04  Roach x3  
  50  5:05  Roach  
  50  5:07  Drone  
  59  5:08  Hatchery  
  59  5:12  Drone x2  
  60  5:25  Overlord  
  60  5:28  Overlord  
  60  5:31  Drone x3  
  63  5:49  Roach x2  
  71  5:50  Roach x2  
  71  5:51  Overlord x2  
  71  5:56  Extractor  
  70  5:58  Lair  
  70  5:59  Evolution Chamber  
  64  6:14  Roach x2  
  67  6:22  Drone x4  
  67  6:23  Queen  
  73  6:43  Zerg Ground Armor Level 1  
  73  6:44  Roach x2  
  73  6:45  Zergling x2  
  73  6:46  Zergling x2  
  79  6:48  Extractor  
  79  6:50  Extractor  
  77  7:02  Drone x4  
  77  7:03  Drone x5  
  77  7:08  Extractor  
  85  7:10  Extractor  
  85  7:14  Drone  
  85  7:15  Drone  
  86  7:28  Drone x2  
  86  7:29  Drone  
  89  7:30  Drone, Overlord  
  89  7:32  Overlord x3  
  89  7:33  Overlord  
  90  7:42  Spire  
  87  7:59  Overseer  
  87  8:00  Overseer x2  
  82  8:06  Zergling x6  
  82  8:07  Zergling x8  
  82  8:08  Zergling x2  
  82  8:11  Zergling x4  
  82  8:13  Zergling x2  
  82  8:14  Zergling x4  
  77  8:22  Zergling x4  
  77  8:23  Zergling x2  
  70  8:30  Drone  
  70  8:32  Zergling x10  
  65  8:54  Drone  
  65  8:58  Drone x2  
  65  9:02  Drone  
  68  9:14  Drone x2  
  70  9:22  Drone x2  
  71  9:28  Drone x2  
  73  9:35  Drone  
  74  9:45  Drone x3  
  77  9:47  Drone x2  
  79  9:57  Baneling Nest, Zergling x4  
  79  9:58  Zergling x2  
  81  10:00  Drone  
  82  10:07  Drone x2  
  84  10:17  Drone x2  
  84  10:18  Drone x4  
  84  10:19  Drone  
  84  10:20  Drone  
  91  10:35  Infestation Pit  
  90  10:50  Zergling x6  
  90  10:51  Hatchery  
  90  10:52  Baneling x5  
  90  10:53  Baneling x6  
  90  10:54  Baneling x4  
  90  10:56  Drone  
  93  11:11  Baneling  
  93  11:12  Baneling x13  
  93  11:24  Zergling x4  
  85  11:36  Zergling x4  
  85  11:37  Zergling x24  
  99  11:48  Drone  
  62  12:15  Zergling x4  
  62  12:16  Zergling x12  
  62  12:17  Zergling x4  
  62  12:18  Queen  
  62  12:19  Queen  
  76  12:22  Zergling x2  
  76  12:23  Zergling x6  
  76  12:25  Zerg Melee Weapons Level 1  
  76  12:27  Hive  
  77  12:40  Zergling x14  
  84  12:49  Overlord x3  
  84  12:51  Drone  
  83  13:18  Overseer x4  
  74  13:25  Zergling x24  
  86  13:29  Overseer  
  84  13:44  Drone x3  
  82  13:59  Hatchery, Pneumatized Carapace  
  81  14:08  Drone x2  
  81  14:09  Drone x5, Hatchery  
  88  14:10  Drone  
  89  14:17  Zergling x6  
  89  14:23  Ultralisk Cavern  
  90  14:33  Zerg Melee Weapons Level 2  
  90  14:51  Overlord  
  90  14:52  Overlord x4  
  90  14:53  Overlord x2  
  78  15:04  Corruptor x3  
  78  15:05  Corruptor  
  35  15:53  Zergling x20  
  41  16:07  Drone  
  41  16:10  Drone x2  
  44  16:12  Drone x2  
  44  16:13  Drone  
  42  16:43  Drone  
  42  16:44  Drone  
  42  16:46  Drone x3  
  39  16:48  Drone x6  
  39  16:49  Drone x2  
  48  17:01  Zergling x2  
  48  17:03  Queen  
  48  17:04  Zergling x2  
  51  17:11  Drone x2  
  51  17:12  Drone  
  54  17:18  Drone x3  
  54  17:19  Drone x2  
  59  17:27  Drone  
  60  17:32  Drone  
  61  17:37  Spore Crawler  
  61  17:38  Zergling x2  
  61  17:39  Zergling x2  
  61  17:40  Zergling x6  
  55  17:55  Mutalisk  
  55  17:56  Mutalisk  
  55  18:00  Drone  
  55  18:01  Drone x5  
  55  18:02  Drone x3  
  55  18:05  Drone x3  
  48  18:14  Drone  
  48  18:15  Drone x2  
  51  18:22  Drone  
  51  18:25  Zergling x2  
  51  18:26  Drone  
  54  18:41  Drone x2  
  54  18:45  Hatchery  
  54  18:46  Drone x4  
  54  18:47  Drone x2  
  61  19:00  Queen  
  63  19:02  Queen  
  63  19:04  Drone x2  
  67  19:15  Zergling x8  
  67  19:16  Zergling x8  
  75  19:19  Zergling x2  
  76  19:28  Overseer  
  76  19:30  Drone x4  
  80  19:35  Drone x2  
  80  19:36  Drone x3  
  80  19:37  Queen  
  87  19:57  Drone  
  87  19:59  Drone x2  
  91  20:00  Drone  
  91  20:33  Hatchery  
  91  20:34  Hatchery  
  89  20:36  Zergling x18  
  89  20:40  Drone  
  99  20:45  Drone  
  99  20:49  Drone x3  
  103  20:53  Extractor  
  103  20:55  Extractor  
  103  21:02  Zergling x2  
  103  21:03  Zergling x22  
Tags
 
Add a new tag
Caveats
  • Supply blocks, unpowered buildings, or Contaminate may cause inaccurate times.
  • Supply counts are checked every 10 seconds.